AoeStats
← 297539664

Nomad

510050188Analyzed
4v4 RM · 3d ago on Sep 29, 2026· 10m 51s· 8 players
Game mode
Random Map
Map size
231×231
Population
200
Speed
Normal
Resources
Standard
Victory
Conquest
Starting age
Dark Age
Ending age
Imperial Age
RankedLock teamsTeams togetherTeam positionsShared explorationLock speedFull tech treeHidden civsTurbo modeCheats
Victory
Defeat
🇸🇪 Italians · Sweden
1473
+13
🇲🇽 Varangians · Mexico
1456
+14
🇩🇪 Lithuanians · Germany
1300
+20
🇨🇱 Slavs · Chile
1286
+20
🇹🇼 Italians · Taiwan
1454
-19
🇨🇳 Varangians · China
1409
-17
🇨🇳 Franks · China
1404
-17
🇭🇰 Japanese · Hong Kong SAR China
1339
-14
297539664
5:29 Loom
b09581270
5:09 Loom
红黑EX
5:40 Loom
50232516
6:40 Loom
TaToHciego
3:46 Loom
Jim Levenstein
7:45 Loom
12:49 Feudal Age
xGusZx24
5:46 Loom
Colo-Colo
4:35 Loom
12:47 Feudal Age
Connection lost

Rejoining the realm…

Still unreachable

The connection could not be restored.

Session expired

The server has moved on; the page needs a fresh start.